 Dungeon Crawl Stone Soup version 0.28-a0-1429-gf3d713d (webtiles) character file.

Game seed: 3004249464430734040

359 Blackhawk the Poker (level 6, -6/48 HPs)
             Began as a Demonspawn Gladiator on Jan 8, 2022.
             Was an Initiate of Hepliaklqana.
             Mangled by a lemure (8 damage)
             ... led by Pikel
             ... on level 4 of the Dungeon.
             The game lasted 00:04:26 (3859 turns).

Blackhawk the Poker (Demonspawn Gladiator)          Turns: 3859, Time: 00:04:26

Health: -6/48      AC:  8    Str: 16    XL:     6   Next: 37%
Magic:  6/6        EV: 13    Int: 10    God:    Hepliaklqana [......]
Gold:   136        SH:  0    Dex: 14    Spells: 5/5 levels left

rFire   . . .      SeeInvis .   a - +0 trident
rCold   . . .      Faith    .   (no shield)
rNeg    . . .      Spirit   .   b - +0 leather armour
rPois   .          Reflect  .   c - +0 helmet
rElec   .          Harm     .   (no cloak)
rCorr   .          Rampage  .   e - +1 pair of gloves
Will    .....                   (no boots)
Stlth   +.........              (no amulet)
HPRegen 0.16/turn               (no ring)
MPRegen 0.10/turn               (no ring)

@: no status effects
A: hooves 2, icy blue scales 1, ignite blood 1
a: Renounce Religion


You were on level 4 of the Dungeon.
You worshipped Hepliaklqana.
Hepliaklqana was noncommittal.
You visited 1 branch of the dungeon, and saw 4 of its levels.

You collected 136 gold pieces.

Inventory:

Hand Weapons
 a - a +0 trident (weapon)
Missiles
 d - 3 throwing nets (quivered)
Armour
 b - a +0 leather armour (worn)
 c - a +0 helmet (worn)
 e - a +1 pair of gloves (worn)
Jewellery
 m - a ring of flight
 r - a ring of wizardry
Wands
 k - a wand of acid (3)
Scrolls
 f - a scroll of fear {unknown}
 g - a scroll of identify {unknown}
 h - a scroll of torment {unknown}
 i - a scroll of teleportation {unknown}
 j - 2 scrolls of enchant armour {unknown}
 n - 3 scrolls of acquirement {unknown}
 o - a scroll of amnesia {unknown}
 p - a scroll of blinking {unknown}
 q - a scroll of summoning {unknown}
Potions
 l - a potion of might {unknown}
 s - a potion of mutation {unknown}
 t - 2 potions of brilliance {unknown}
 u - a potion of curing {unknown}


   Skills:
 + Level 4.1 Fighting
 + Level 4.4 Polearms
 - Level 1.8 Throwing
 + Level 4.3 Dodging


You had 5 spell levels left.
You didn't know any spells.
Your spell library contained the following spells:

 Spells                   Type           Power      Damage    Failure   Level
 Frozen Ramparts          Ice            0%         1d2       80%         3
 Airstrike                Air            0%         N/A       99%         4
 Ice Form                 Ice/Tmut       0%         N/A       99%         4
 Summon Ice Beast         Ice/Summ       0%         N/A       99%         4
 Summon Lightning Spire   Summ/Air       0%         N/A       99%         4
 Lightning Bolt           Conj/Air       0%         1d11      100%        5


Dungeon Overview and Level Annotations

Branches:
Dungeon (4/15)
 Temple: D:4-7

Altars:
Hepliaklqana
Nemelex Xobeh
Beogh

Annotations:
D:4 Pikel


Innate Abilities, Weirdness & Mutations

You have hoof-like feet.
You are partially covered in icy blue scales. (AC +2)
Your demonic aura sometimes causes spilled blood to erupt in flames.


Message History

You kill the quokka!
No target in view!
No target in view!
No target in view!
No target in view!
No target in view!
Key pressed, stopping explore.
Pikel, Merchant of Souls comes into view.
He is wielding a +1 whip of freezing and wearing a +1 robe of willpower.
Found a cabochon ring.
Pikel shouts!
You hear a shout!
A lemure comes into view.
Pikel says, "Dispater doesn't talk much, but I know they dig me." 2 lemures come into view.
The lemure shouts! x3
A lemure comes into view.
Pikel misses you.
You hit Pikel but do no damage. You kick Pikel, but do no damage.
The lemure misses you. Pikel barely misses you.
The lemure hits you but does no damage.
You closely miss Pikel.
Pikel drinks a potion.
Pikel flickers and vanishes!
Deactivating autopickup; reactivate with Ctrl-A.
Something hits you. Something freezes you.
You hit something. Your kick misses something. The lemure closely misses you.
The lemure misses you. Something hits you! Something freezes you.
You closely miss something. Your kick misses something.
The lemure hits you but does no damage. x2; Something hits you!
Something freezes you.
You hit something but do no damage. Your kick misses something.
The lemure misses you. The lemure hits you! Something hits you.
* * * LOW HITPOINT WARNING * * *
Something freezes you.
* * * LOW HITPOINT WARNING * * *
You hit something. The lemure closely misses you. The lemure hits you.
* * * LOW HITPOINT WARNING * * *
Something hits you.
* * * LOW HITPOINT WARNING * * *
Something freezes you.
* * * LOW HITPOINT WARNING * * *
The lemure hits you!
You die...

........#......#
........#......#
........#......#
........#.####.#
...###..######.#
...# #..#......#
#### #..#......#
#..#......#######.#
#.>........@°{5...#
####........555.....
#.....###########
#.....# #######


You could see 4 lemures.

Vanquished Creatures
  A phantom (D:4)
  A gnoll shaman (D:3)
  An orc wizard (D:3)
  9 gnolls
  6 adders (D:2)
  3 dart slugs
  11 orcs (D:3)
  4 bats
  3 endoplasms
  6 giant cockroaches
  2 goblins (D:2)
  3 hobgoblins
  10 jackals (D:3)
  3 quokkas
  4 ball pythons
  3 frilled lizards
  7 kobolds
  7 rats
84 creatures vanquished.

Notes
Turn   | Place    | Note
-------+----------+-------------------------------------------
     0 | D:1      | Blackhawk the Demonspawn Gladiator began the quest for the
                  | Orb.
     0 | D:1      | Reached XP level 1. HP: 16/16 MP: 1/1
   411 | D:1      | Gained mutation: You are partially covered in icy blue
                  | scales. (AC +2) [demonic ancestry]
   411 | D:1      | Reached XP level 2. HP: 22/22 MP: 2/2
   586 | D:1      | Found a faded altar of an unknown god.
   924 | D:2      | Gained mutation: You have large cloven feet. [demonic
                  | ancestry]
   924 | D:2      | Reached XP level 3. HP: 24/28 MP: 3/3
  1209 | D:2      | Gained mutation: You have hoof-like feet. [demonic
                  | ancestry]
  1209 | D:2      | Reached XP level 4. HP: 35/35 MP: 4/4
  1848 | D:3      | Found a sparkling altar of Nemelex Xobeh.
  2080 | D:3      | Found a hazy altar of Hepliaklqana.
  2128 | D:3      | Became a worshipper of Hepliaklqana the Forgotten
  2199 | D:3      | Reached XP level 5. HP: 15/41 MP: 5/5
  3595 | D:3      | Gained mutation: Your demonic aura sometimes causes spilled
                  | blood to erupt in flames. [demonic ancestry]
  3595 | D:3      | Reached XP level 6. HP: 31/48 MP: 6/6
  3849 | D:4      | Noticed Pikel
  3858 | D:4      | HP: 2/48 [something (1)]
  3859 | D:4      | Mangled by a lemure

Illustrated notes

Levels and vault maps discovered:
D:1:      roderic_dead_forest, layout_basic,
          hellmonk_ecumenical_altar_defaced_shrine
D:2:      minmay_door_path, layout_basic, minmay_misc_feat_plants,
          grunt_ministairs_2
D:3:      layout_loops_ring, nemelex_dance_club_becter,
          nicolae_hepliaklqana_hazy_memory
D:4:      layout_basic, uniq_ijyb, uniq_pikel

Skill      XL: |  1  2  3  4  5  6 |
---------------+-------------------+-----
Polearms       | 3 4 |  4.4
Dodging        | 3 4 |  4.3
Fighting       | 3 4 |  4.1
Throwing       | |  1.8

Action                   |  1- 3 |  4- 6 || total
-------------------------+-------+-------++-------
Melee: Trident           |    87 |   192 ||   279
       Kick              |     6 |    42 ||    48
       Punch             |       |     2 ||     2
Throw: Throwing net      |       |     1 ||     1
 Stab: Sleeping          |     4 |       ||     4
Armor: Leather armour    |    31 |    71 ||   102
Dodge: Dodged            |    41 |   125 ||   166

Table legend: (Time is in decaauts)
 A = Elapsed time spent in this place.
 B = Non-inter-level travel time spent in this place.
 C = Inter-level travel time spent in this place.
 D = Time resting spent in this place.
 E = Time spent auto-exploring this place.
 F = Levels seen in this place.
 G = Mean time per level.
                   A        B        C        D        E       F      G
               +--------+--------+--------+--------+--------+-----+--------+
         Total |   3897 |   3847 |     50 |    689 |   2607 |   4 |  974.2 |
       Dungeon |   3897 |   3847 |     50 |    689 |   2607 |   4 |  974.2 |
               +--------+--------+--------+--------+--------+-----+--------+

Top non-repeatable levels by time:
     D:3: 1901 daAuts
     D:2: 1043 daAuts
     D:1: 785 daAuts
     D:4: 167 daAuts
